 Dungeon Crawl Stone Soup version 0.27.1 (webtiles) character file.

Game seed: 7700641748448548600

95 Kold the Shield-Bearer (level 4, -3/37 HPs)
             Began as a Formicid Fighter on Sept 3, 2021.
             Slain by an orc (7 damage)
             ... on level 3 of the Dungeon.
             The game lasted 00:02:57 (1717 turns).

Kold the Shield-Bearer (Formicid Fighter)           Turns: 1717, Time: 00:02:58

Health: -3/37      AC: 15    Str: 21    XL:     4   Next: 95%
Magic:  4/4        EV:  6    Int:  8    God:
Gold:   91         SH:  0    Dex: 10    Spells: 3/3 levels left

rFire    . . .     SeeInvis +   g - +0 great sword
rCold    . . .     Faith    .   n - +0 buckler
rNeg     . . .     Spirit   .   k - +0 plate armour
rPois    .         Reflect  .   (helmet unavailable)
rElec    .         Harm     .   (no cloak)
rCorr    .         Rampage  .   e - +1 pair of gloves
Will     .....                  j - +0 pair of boots
Stlth    ..........             (no amulet)
HPRegen  0.12/turn              (no ring)
MPRegen  0.09/turn              (no ring)

@: confused
A: permanent stasis, dig shafts and tunnels, antennae 3, four strong arms
a: Dig, Shaft Self


You were on level 3 of the Dungeon.
You visited 1 branch of the dungeon, and saw 3 of its levels.

You collected 91 gold pieces.

Inventory:

Hand Weapons
 a - a +0 long sword
 g - a +0 great sword (weapon)
Armour
 b - a +0 scale mail
 c - a +0 kite shield
 e - a +1 pair of gloves (worn)
 j - a +0 pair of boots (worn)
 k - a +0 plate armour (worn)
 n - a +0 buckler (worn)
Scrolls
 h - a scroll of amnesia {unknown}
 i - a scroll of enchant weapon {unknown}
 m - 2 scrolls of identify {unknown}
Potions
 d - 2 potions of might
 f - a potion of brilliance {unknown}
 l - a potion of ambrosia {unknown}


   Skills:
 + Level 3.9 Fighting
 * Level 3.3 Long Blades
 + Level 3.9 Armour
 - Level 4.1 Shields


You had 3 spell levels left.
You didn't know any spells.
Your spell library was empty.

Dungeon Overview and Level Annotations

Branches:
Dungeon (3/15)

Altars:
Ru


Innate Abilities, Weirdness & Mutations

You cannot be hasted, slowed, berserked, paralysed or teleported.
You can dig through walls and to a lower floor.
You have a pair of large antennae on your head. (SInv)
Your four strong arms can wield two-handed weapons with a shield.


Message History

m - 2 scrolls labelled VUXUGEAHOO (gained 1) Done exploring.
Done exploring.
Done exploring.
(D) Dungeon
Where to? (Enter - D:2 @ (x,y), ? - help)
What level of the Dungeon? (default 1, ? - help)
You see here a worm corpse.
There is an open door here.
There is a stone staircase leading down here.
You climb downwards.
The orc shouts! x2; The orc wizard shouts!
The orc shouts!
You sense a monster nearby.
Found a stone staircase leading down.
There is a stone staircase leading up here.
An orc comes into view. It is wielding a +0 hand axe.
The orc shouts!
You closely miss the orc wizard.
An endoplasm comes into view.
The orc wizard mumbles some strange words.
The orc wizard flickers and vanishes for a moment.
You closely miss the orc wizard.
The endoplasm quivers.
The orc hits you but does no damage.
The orc wizard hits you with a +0 dagger.
The endoplasm jiggles.
The orc hits you with a +2 falchion of electrocution.
You are electrocuted!
The orc wizard casts a spell at you.
You are confused.
You're too confused to move!
The orc hits you but does no damage. x2
The orc wizard points at you and mumbles some strange words.
The magic dart hits you!
* * * LOW HITPOINT WARNING * * *
You can't go up here!
You bump into the rock wall.
The orc hits you but does no damage. x2
You bump into the rock wall.
The orc hits you with a +0 mace.
* * * LOW HITPOINT WARNING * * *
The orc hits you with a +2 falchion of electrocution!
You die...

#. .#
##.##.#
......
.....
##.#.
#...#
#.J.#
#.o<#
##@##
#.>.oo...#
####o#####
#o# #.#
#.. ###


You could see an orc wizard (invisible), 4 orcs and an endoplasm.

Vanquished Creatures
  A bullfrog skeleton (D:2)
  5 worms (D:2)
  6 endoplasms
  A giant cockroach (D:1)
  5 hobgoblins
  2 jackals (D:1)
  5 kobolds
  2 quokkas (D:1)
  3 ball pythons
  9 bats
  3 frilled lizards
  3 goblins
  4 rats
49 creatures vanquished.

Notes
Turn   | Place    | Note
-------+----------+-------------------------------------------
     0 | D:1      | Kold the Formicid Fighter began the quest for the Orb.
     0 | D:1      | Reached XP level 1. HP: 18/18 MP: 1/1
   110 | D:1      | Reached XP level 2. HP: 17/24 MP: 2/2
   404 | D:1      | Found a faded altar of an unknown god.
   447 | D:1      | Reached XP level 3. HP: 29/29 MP: 3/3
   661 | D:1      | Reached skill level 4 in Shields
   886 | D:2      | Found a sacrificial altar of Ru.
  1231 | D:2      | Reached XP level 4. HP: 35/37 MP: 4/4
  1717 | D:3      | Slain by an orc

Illustrated notes

Levels and vault maps discovered:
D:1:      matt_arrival_grand_opening, layout_loops_ring,
          ebering_ecumenical_altar_rust, kennysheep_crisscross
D:2:      layout_rooms, basic_altar, kennysheep_small_spiral, minivault_27
D:3:      layout_loops_corners, dk_yredelemnul_ordeal, uniq_crazy_yiuf_cottage,
          uniq_ijyb

Skill      XL: |  1  2  3  4 |
---------------+-------------+-----
Shields        | 4 |  4.1
Long Blades    | 3 |  3.3
Fighting       | |  3.9
Armour         | |  3.9

Action                   |  1- 3 |  4- 6 || total
-------------------------+-------+-------++-------
Melee: Long sword        |   102 |       ||   102
       Great sword       |    25 |    43 ||    68
Armor: Scale mail        |    70 |       ||    70
       Plate armour      |     1 |    35 ||    36
Dodge: Dodged            |    67 |    11 ||    78
Block: Kite shield       |    86 |    24 ||   110
       Buckler           |       |     2 ||     2
       Rpst.: Long sword |    20 |       ||    20
       Great sword       |     1 |     8 ||     9
